 Dungeon Crawl Stone Soup version 0.25-a0-681-gdf4e720381 (webtiles) character file.

Game seed: 3810362096911890630, levelgen mode: deterministic

51 DerDa the Firebug (level 3, 0/24 HPs)
             Began as a Demonspawn Fire Elementalist on Mar 30, 2020.
             Slain by a gnoll
             ... wielding a +0 spear of flaming
              (2 damage)
             ... on level 2 of the Dungeon.
             The game lasted 00:05:33 (1124 turns).

DerDa the Firebug (Demonspawn Fire Elementalist)    Turns: 1124, Time: 00:05:34

Health: 0/24       AC:  4    Str:  8    XL:     3   Next: 58%
Magic:  2/7        EV: 12    Int: 17    God:
Gold:   160        SH:  0    Dex: 13    Spells: 6/7 levels left

rFire    . . .     SeeInvis .   g - +0 whip
rCold    . . .     Gourm    .   (no shield)
rNeg     . . .     Faith    .   a - +0 robe
rPois    .         Spirit   .   (helmet restricted)
rElec    .         Reflect  .   (no cloak)
rCorr    .         Harm     .   (no gloves)
MR       .....                  h - +0 pair of boots
Stlth    ++........             (no amulet)
HPRegen  0.08/turn              (no ring)
MPRegen  0.10/turn              (no ring)

@: stab
A: horns 1, rugged brown scales 1
a: no special abilities


You were on level 2 of the Dungeon.
You were not hungry.

You visited 1 branch of the dungeon, and saw 2 of its levels.

You collected 160 gold pieces.

Inventory:

Hand Weapons
 g - a +0 whip (weapon)
Missiles
 f - 75 stones (quivered)
Armour
 a - a +0 robe (worn)
 h - a +0 pair of boots (worn)
Scrolls
 d - a scroll of blinking {unknown}
 e - a scroll of teleportation {unknown}
 j - 2 scrolls of fear {unknown}
 k - a scroll of identify {unknown}
 l - a scroll of enchant armour {unknown}
 n - a scroll of remove curse {unknown}
Potions
 m - a potion of mutation {unknown}
Comestibles
 b - 2 chunks of flesh
 c - 4 rations


   Skills:
 - Level 1.7 Dodging
 - Level 1.7 Stealth
 * Level 2.7 Spellcasting
 * Level 2.1 Conjurations
 * Level 3.2 Fire Magic


You had 6 spell levels left.
You knew the following spells:

 Your Spells              Type           Power        Failure   Level  Hunger
a - Foxfire               Conj/Fire      ##..         6%          1    #......

Your spell library contained the following spells:

 Spells                   Type           Power        Failure   Level  Hunger
 Conjure Flame            Conj/Fire      ##......     19%         3    ###....
 Inner Flame              Hex/Fire       #.......     28%         3    ###....
 Sticky Flame             Conj/Fire      ##......     52%         4    #####..
 Fireball                 Conj/Fire      ##........   86%         5    ######.


Dungeon Overview and Level Annotations

Branches:
Dungeon (2/15)

Altars:


Innate Abilities, Weirdness & Mutations

You have a pair of small horns on your head.
You are partially covered in rugged brown scales. (AC +1, +3% HP)


Message History

The gnoll is heavily wounded.
The foxfire hits the gnoll but does no damage.
The gnoll is heavily wounded.
The gnoll completely misses you.
Casting: Foxfire (safe; 6% risk of failure)
Confirm with . or Enter, or press ? or * to list all spells.
You conjure some foxfire!
The gnoll hits you from afar with a +0 spear of flaming.
* * * LOW HITPOINT WARNING * * *
The gnoll burns you.
* * * LOW HITPOINT WARNING * * *
It was a potion of stabbing.
You feel ready to backstab.
The foxfire hits the gnoll.
The gnoll is severely wounded.
The foxfire hits the gnoll but does no damage.
The gnoll is severely wounded.
The gnoll misses you.
The gnoll hits you with a +0 spear of flaming.
You die...

# # ######### #
####### #.......# #
#.....# #.......####
#.###.# #..........#
#.ยง.#.###..........#
###@#.##...........#
#g#.##........####
#.#.##.##.........
#.#....########### #
#.###### #.#.# #..<#
#.....# #?#....


You could see a gnoll.

Vanquished Creatures
  A gnoll (D:1)
  An adder (D:2)
  2 dart slugs
  3 bats (D:1)
  2 giant cockroaches (D:1)
  4 goblins
  A hobgoblin (D:2)
  3 jackals (D:1)
  5 kobolds
  4 frilled lizards (D:1)
  A rat (D:2)
27 creatures vanquished.

Vanquished Creatures (others)
  69 foxfires
69 creatures vanquished.

Grand Total: 96 creatures vanquished

Notes
Turn   | Place    | Note
-------+----------+-------------------------------------------
     0 | D:1      | DerDa the Demonspawn Fire Elementalist began the quest for
                  | the Orb.
     0 | D:1      | Reached XP level 1. HP: 13/13 MP: 3/3
   146 | D:1      | Gained mutation: You are partially covered in rugged brown
                  | scales. (AC +1, +3% HP) [demonic ancestry]
   146 | D:1      | Reached XP level 2. HP: 12/19 MP: 0/5
   306 | D:1      | Reached skill level 3 in Fire Magic
   723 | D:1      | Gained mutation: You have a pair of small horns on your
                  | head. [demonic ancestry]
   723 | D:1      | Reached XP level 3. HP: 9/24 MP: 0/6
  1124 | D:2      | Slain by a gnoll

Levels and vault maps discovered:
D:1:      lightli_arrival_flooded_house, layout_rooms
D:2:      layout_basic, overflow_temple_1_default

Skill      XL: |  1  2  3 |
---------------+----------+-----
Fire Magic     | 3 |  3.2
Conjurations   | 2 |  2.1
Dodging        | |  1.7
Stealth        | |  1.7
Spellcasting   | |  2.7

Action                   || total
-------------------------++-------
Melee: Unarmed           ||     1
       Whip              ||     7
       Club              ||     3
 Cast: Foxfire           ||    44
  Use: Potion            ||     1
  Eat: Chunk             ||     1
Armor: Robe              ||     8
Dodge: Dodged            ||    25

Table legend:
 A = Non-vault XP
 B = Vault XP
 C = Vault XP percentage of total XP
 D = Non-vault monster count
 E = Vault monster count
 F = Vault count percentage of total count
                 A         B        C        D         E       F
            +---------+---------+-------+---------+---------+-------
      Total |      74 |       0 |   0.0 |      27 |       0 |   0.0
            +---------+---------+-------+---------+---------+-------
        D:1 |      47 |       0 |   0.0 |      18 |       0 |   0.0
        D:2 |      27 |       0 |   0.0 |       9 |       0 |   0.0
            +---------+---------+-------+---------+---------+-------
